 Dungeon Crawl Stone Soup version 0.27-a0-103-g6cd7b45605 (webtiles) character file.

Game seed: 9818661277573531400

49095 timneilson the Blocker (level 14, -1/88 HPs)
             Began as a Gargoyle Fighter on Jan 23, 2021.
             Was a High Priest of Okawaru.
             Slain by a sun demon (15 damage)
             ... summoned by an orc high priest
             ... on level 2 of the Orcish Mines.
             The game lasted 00:35:36 (19453 turns).

timneilson the Blocker (Gargoyle Fighter)          Turns: 19453, Time: 00:35:36

Health: -1/88      AC: 43    Str: 20    XL:     14   Next: 49%
Magic:  13/19      EV:  9    Int: 10    God:    Okawaru [*****.]
Gold:   1394       SH: 15    Dex:  9    Spells: 13/13 levels left

rFire    . . .     SeeInvis .   K - +6 scimitar "Vupei" {drain, rPois rN+ Str-4}
rCold    . . .     Faith    .   c - +0 kite shield
rNeg     + + .     Spirit   .   v - +0 plate armour
rPois    ∞         Reflect  .   m - +2 helmet
rElec    +         Harm     .   I - +1 cloak
rCorr    .         Rampage  .   l - +0 pair of gloves
Will     ++...                  a - +0 pair of boots
Stlth    ..........             b - amulet of regeneration
HPRegen  0.64/turn              E - +4 ring of protection
MPRegen  0.16/turn              H - ring of willpower

@: heroism, finesse, flying
A: big wings, negative energy resistance 1, electricity resistance, unbreathing,
petrification resistance, miasma immunity, AC +10
a: Stop Flying, Renounce Religion, Heroism, Finesse


You were on level 2 of the Orcish Mines.
You worshipped Okawaru.
Okawaru was extremely pleased with you.
You visited 4 branches of the dungeon, and saw 21 of its levels.
You visited the Abyss 1 time.

You collected 1394 gold pieces.

Inventory:

Hand Weapons
 A - a +0 scimitar of flaming
 K - the +6 scimitar "Vupei" (weapon) {drain, rPois rN+ Str-4}
   (You found it on level 6 of the Lair of Beasts)

   A truly terrible weapon, it drains the life of those it strikes.
   It affects your strength (-4).
   It protects you from poison.
   It protects you from negative energy.
Armour
 a - a +0 pair of boots (worn)
 c - a +0 kite shield (worn)
 l - a +0 pair of gloves (worn)
 m - a +2 helmet (worn)
 v - a +0 plate armour (worn)
 I - a +1 cloak (worn)
Jewellery
 b - an amulet of regeneration (around neck)
 j - an uncursed ring of see invisible
 p - an uncursed ring of ice
 E - a +4 ring of protection (left hand)
 H - a ring of willpower (right hand)
 M - an uncursed ring of resist corrosion
Wands
 i - a wand of random effects (21)
 k - a wand of paralysis (18)
 w - a wand of acid (16)
 x - a wand of enslavement (1)
 G - a wand of disintegration (13)
 J - a wand of iceblast (7)
Scrolls
 d - 2 scrolls of amnesia
 e - 5 scrolls of remove curse
 f - a scroll of fog
 h - 4 scrolls of teleportation
 y - a scroll of silence
 z - 6 scrolls of magic mapping
 C - 4 scrolls of enchant weapon
 F - 2 scrolls of identify
Potions
 g - 6 potions of curing
 n - a potion of magic
 q - 5 potions of flight
 r - 3 potions of mutation
 s - 4 potions of attraction
 t - a potion of lignification
 u - a potion of ambrosia
 D - a potion of brilliance
 L - a potion of resistance
Miscellaneous
 o - a condenser vane
 B - a lightning rod (4/4)


   Skills:
 + Level 10.2(15.2) Fighting
 * Level 11.4(16.4) Long Blades
 * Level 13.4(18.4) Armour
 * Level 13.4(18.4) Shields
 + Level 7.6 Invocations
 + Level 6.8 Evocations


You had 13 spell levels left.
You didn't know any spells.
Your spell library contained the following spells:

 Spells                   Type           Power        Failure   Level
 Foxfire                  Conj/Fire      0%           97%         1
 Sandblast                Erth           0%           97%         1
 Summon Small Mammal      Summ           0%           97%         1
 Call Imp                 Summ           0%           99%         2
 Passwall                 Tmut/Erth      0%           99%         2
 Swiftness                Air            0%           99%         2
 Call Canine Familiar     Summ           0%           100%        3
 Confusing Touch          Hex            0%           100%        3
 Conjure Flame            Conj/Fire      0%           100%        3
 Gell's Gravitas          Tloc           0%           100%        3
 Ignite Poison            Fire/Tmut/Pois 0%           100%        3
 Inner Flame              Hex/Fire       0%           100%        3
 Stone Arrow              Conj/Erth      0%           100%        3
 Summon Guardian Golem    Hex/Summ       0%           100%        3
 Passage of Golubria      Tloc           N/A          100%        4
 Petrify                  Tmut/Erth      0%           100%        4
 Sticky Flame             Conj/Fire      0%           100%        4
 Summon Ice Beast         Ice/Summ       0%           100%        4
 Summon Lightning Spire   Summ/Air       0%           100%        4
 Bolt of Magma            Conj/Fire/Erth 0%           100%        5
 Fireball                 Conj/Fire      0%           100%        5
 Iskenderun's Battlesphe  Conj           0%           100%        5
 Lee's Rapid Deconstruct  Erth           0%           100%        5
 Metabolic Englaciation   Hex/Ice        0%           100%        5
 Yara's Violent Unravell  Hex/Tmut       0%           100%        5
 Invisibility             Hex            0%           100%        6
 Iron Shot                Conj/Erth      0%           100%        6
 Starburst                Conj/Fire      0%           100%        6
 Orb of Destruction       Conj           0%           100%        7
 Spellforged Servitor     Conj/Summ      0%           100%        7
 Ignition                 Fire           0%           100%        8


Dungeon Overview and Level Annotations

Branches:
Dungeon (12/15)            Temple (1/1) D:4            Lair (6/6) D:10
 Shoals (0/4) Lair:4        Snake (0/4) Lair:2        Slime (0/5) Lair:6
    Orc (2/2) D:9             Elf (0/3) Orc:2

Altars:
Ashenzari
Cheibriados
Dithmenos
Elyvilon
Fedhas
Gozag
Hepliaklqana
Kikubaaqudgha
Makhleb
Nemelex Xobeh
Okawaru
Qazlal
Ru
Sif Muna
Trog
Uskayaw
Vehumet
Wu Jian
Xom
Yredelemnul
Zin
The Shining One

Shops:
D:6 *   D:7 (   D:9 !   D:12 *   Orc:1 =

Annotations:
D:9 1 runed translucent door, tinescath's ghost, novice DEFE
D:10 2 transporters, SkiChan's ghost, novice GrFi
D:12 Urug
Lair:4 exclusion: oklob plant


Innate Abilities, Weirdness & Mutations

You are resistant to torment.
Your stone body is resilient. (AC +10)
You are immune to poison.
Your large and strong wings let you fly indefinitely.
You resist negative energy. (rN+)
You are resistant to electric shocks. (rElec)
You can survive without breathing.
You are immune to petrification.
You are immune to miasma.


Message History

Beogh smites you!
* * * LOW HITPOINT WARNING * * *
The orc hits you but does no damage.
The orc warrior hits you but does no damage.
The orc sorcerer hits you but does no damage.
Something hits you but does no damage.
The sun demon hits you but does no damage.
Something hits you but does no damage. The troll bites you but does no damage.
The troll claws you but does no damage. x2
The red devil hits you from afar with a +1 demon trident of venom.
* * * LOW HITPOINT WARNING * * *
The orc high priest prays to Beogh.
The orc hits you but does no damage. The orc sorcerer barely misses you.
The orc warrior hits you with a +0 hand axe!
* * * LOW HITPOINT WARNING * * *
You can move again.
You closely miss the orc high priest.
The orc high priest is severely wounded.
The sun demon hits you!
You die...

******** #############********
*,,,,,,*##.......^......,,,,,* *
,,,**.###..$#...........,,,,** *
,,,,,.......$...........,,,,** *
,,,,,...................,,,,,****
,,,,,...................,,,,***,*
***,,............4......,,,,,,,,,
,**,,.......<..)oo......,,,,,,,,*
,*,,,..........o@o4..#,,,,,,,,,*,
,,,,,.$........{3T......,,,**,,,,
,,,,,...................,,**,,,,,
*,,,,...................,*,*,,,**
,*,,,.##................,,,,,,,*,
**,*,,..................,*,*,,,,,
*,,,,,..................***,*,,,,
,,,*,,,,..............$.*,,,,,,,,
,,,,,,,,,,,,,,,,,,,,*,,,,,,,**,,,


You could see an orc high priest (drained), a sun demon (summoned), a troll, an
orc sorcerer, 2 red devils, an orc warrior and an orc.

Vanquished Creatures
  6 dire elephants (Lair:6)
  Fannar (D:10)
  3 hydras
  A boulder beetle (D:12)
  Harold (D:9)
  A catoblepas (Lair:4)
  An anaconda (Lair:6)
  4 death yaks (Lair:6)
  A large abomination (Abyss:1)
  Pikel (D:4)
  A deep elf mage (D:12)
  2 cyclopes (D:11)
  11 elephants
  A merfolk siren (Lair:4)
  A centaur zombie (D:11)
  4 black mambas
  Joseph (D:8)
  A torpor snail (Lair:5)
  Psyche (D:8)
  10 cane toads
  An orange demon (Abyss:1)
  6 rime drakes
  An efreet (Abyss:1)
  10 komodo dragons
  3 trolls
  9 dream sheep (Lair:5)
  6 blink frogs
  A centaur simulacrum (D:12)
  A wyvern (Lair:3)
  2 wraiths (D:8)
  A basilisk (Lair:2)
  2 water elementals
  33 yaks
  3 vampire mosquitoes (D:10)
  Grum (D:9)
  3 steam dragons (D:6)
  2 wargs (D:10)
  2 nagas (Lair:2)
  A hell hound (D:8)
  11 water moccasins
  3 ice beasts
  3 black bears
  9 orc warriors
  2 sky beasts
  An eye of draining (D:12)
  5 phantoms
  9 ogres
  3 centaurs
  11 wolves
  A big kobold (D:12)
  An elf zombie (D:8)
  11 bullfrogs
  A water moccasin zombie (D:11)
  A wyvern zombie (D:7)
  A small abomination (Abyss:1)
  An elf skeleton (D:8)
  3 scorpions
  2 wyvern skeletons
  4 wights
  8 electric eels
  2 bullfrog zombies
  3 quasits
  6 hounds
  4 human zombies (D:8)
  7 jellies
  10 orc priests
  A centaur skeleton (D:6)
  2 human skeletons (D:8)
  6 iguanas
  12 orc wizards
  8 worker ants
  9 hell rats
  A hound zombie (D:8)
  A hound skeleton (D:7)
  A mummy (D:8)
  A howler monkey zombie (D:9)
  Robin (D:3)
  7 adders
  3 white imps
  An ufetubus (D:5)
  4 oozes
  3 worms
  A dart slug (D:4)
  7 leopard geckos
  56 orcs
  A ball python (D:2)
  4 giant cockroaches
  10 hobgoblins
  17 jackals
  10 kobolds
  4 quokkas
  12 bats
  5 frilled lizards
  15 goblins
  A leopard gecko zombie (D:6)
  A quokka zombie (D:8)
  10 rats
  A bush (D:9)
480 creatures vanquished.

Vanquished Creatures (others)
  A hound (D:6)
  A butterfly (Lair:4)
  8 fungi
  15 plants
25 creatures vanquished.

Grand Total: 505 creatures vanquished

Notes
Turn   | Place    | Note
-------+----------+-------------------------------------------
     0 | D:1      | timneilson the Gargoyle Fighter began the quest for the
                  | Orb.
     0 | D:1      | Reached XP level 1. HP: 14/14 MP: 1/1
    84 | D:1      | Reached XP level 2. HP: 19/19 MP: 2/2
   833 | D:2      | Reached XP level 3. HP: 23/23 MP: 3/3
  1158 | D:2      | Found a shimmering altar of Xom.
  1158 | D:2      | Found a shadowy altar of Dithmenos.
  1304 | D:2      | Reached XP level 4. HP: 29/29 MP: 4/4
  1453 | D:2      | Found a white marble altar of Elyvilon.
  1517 | D:3      | Found an opulent altar of Gozag.
  1646 | D:3      | Noticed Robin
  1661 | D:3      | Killed Robin
  1856 | D:3      | Reached XP level 5. HP: 27/33 MP: 5/5
  2296 | D:4      | Found a staircase to the Ecumenical Temple.
  2296 | D:4      | Noticed Pikel
  2296 | D:4      | Noticed a lemure
  2296 | D:4      | Noticed a lemure
  2297 | D:4      | Noticed a lemure
  2298 | D:4      | Noticed a lemure
  2323 | D:4      | Killed Pikel
  2324 | D:4      | Reached skill level 5 in Armour
  2324 | D:4      | Reached skill level 5 in Shields
  2324 | D:4      | Reached XP level 6. HP: 32/39 MP: 6/6
  2324 | D:4      | Reached XP level 7. HP: 36/44 MP: 7/7
  2351 | Temple   | Entered the Ecumenical Temple
  2704 | D:4      | Reached skill level 5 in Fighting
  2704 | D:4      | Reached XP level 8. HP: 31/49 MP: 8/8
  3014 | D:4      | Found a sparkling altar of Nemelex Xobeh.
  3213 | D:5      | Entered Level 5 of the Dungeon
  3439 | D:5      | Reached skill level 5 in Long Blades
  4350 | D:6      | Reached XP level 9. HP: 44/55 MP: 9/9
  4723 | D:6      | You fall into a shaft and drop 3 floors!
  4730 | D:9      | Found a runed translucent door.
  4730 | D:9      | Noticed tinescath's ghost (novice DEFE)
  4990 | D:8      | Found a basalt altar of Yredelemnul.
  5125 | D:7      | Reached skill level 1 in Evocations
  5216 | D:6      | Found Cimeim's Assorted Antiques.
  5900 | D:7      | Found Eleuzuj's Antique Weapon Boutique.
  5911 | D:7      | Found a burning altar of Makhleb.
  5924 | D:7      | Reached XP level 10. HP: 56/61 MP: 10/10
  5924 | D:7      | Found a glowing silver altar of Zin.
  5924 | D:7      | Noticed an angel
  5924 | D:7      | Noticed a cacodemon
  6148 | D:7      | Found an iron altar of Okawaru.
  6148 | D:7      | Found a radiant altar of Vehumet.
  6160 | D:7      | Became a worshipper of Warmaster Okawaru
  6626 | D:8      | Reached skill level 1 in Invocations
  6803 | D:8      | Found an ancient bone altar of Kikubaaqudgha.
  7094 | D:8      | Noticed Joseph
  7133 | D:8      | Killed Joseph
  7133 | D:8      | Reached * piety under Okawaru
  7213 | D:8      | Noticed Psyche
  7227 | D:8      | Cast into level 1 of the Abyss (Psyche)
  7272 | Abyss:1  | Noticed an orange demon
  7283 | Abyss:1  | Killed an orange demon
  7310 | Abyss:1  | Noticed a large abomination
  7316 | Abyss:1  | Killed a large abomination
  7328 | Abyss:1  | Reached ** piety under Okawaru
  7356 | D:8      | Escaped the Abyss
  7368 | D:8      | Killed Psyche
  7844 | D:9      | Found a broken altar of Ashenzari.
  7907 | D:9      | Found Peduram's Distillery.
  7989 | D:9      | Found a staircase to the Orcish Mines.
  8098 | D:9      | Noticed Harold
  8124 | D:9      | Killed Harold
  8125 | D:9      | Reached skill level 10 in Shields
  8125 | D:9      | Reached XP level 11. HP: 46/67 MP: 13/13
  8269 | D:9      | Noticed Grum
  8292 | D:9      | Killed Grum
  8633 | D:10     | Entered Level 10 of the Dungeon
  8633 | D:10     | Found a transporter.
  8633 | D:10     | Noticed SkiChan's ghost (novice GrFi)
  8660 | D:10     | Noticed Fannar
  8676 | D:10     | Killed Fannar
  8676 | D:10     | Reached *** piety under Okawaru
  8677 | D:10     | Reached skill level 10 in Armour
  8783 | D:10     | Found a transporter.
  9101 | D:10     | Found a staircase to the Lair.
  9502 | D:10     | Found a bloodstained altar of Trog.
  9572 | D:11     | Reached **** piety under Okawaru
 10038 | D:11     | Noticed a cyclops
 10074 | D:11     | Killed a cyclops
 10320 | D:11     | Noticed a cyclops
 10335 | D:11     | Killed a cyclops
 10335 | D:11     | Reached ***** piety under Okawaru
 10715 | D:11     | Reached XP level 12. HP: 73/73 MP: 15/15
 11128 | D:12     | Noticed a boulder beetle
 11161 | D:12     | Killed a boulder beetle
 11161 | D:12     | Received a gift from Okawaru
 11360 | D:12     | Noticed a deep troll earth mage
 11365 | D:12     | Noticed an ettin
 11383 | D:12     | Found Jasifrouf's General Store.
 11409 | D:12     | Noticed Urug
 11547 | Lair:1   | Entered Level 1 of the Lair of Beasts
 11906 | Lair:1   | Reached skill level 5 in Invocations
 12919 | Lair:1   | Reached skill level 5 in Evocations
 13498 | Lair:2   | Found a staircase to the Snake Pit.
 14027 | Lair:2   | Noticed a five-headed hydra
 14034 | Lair:2   | Killed a one-headed hydra
 14034 | Lair:2   | Received a gift from Okawaru
 14555 | Lair:3   | Reached skill level 10 in Long Blades
 14580 | Lair:3   | Reached XP level 13. HP: 77/80 MP: 15/17
 14616 | Lair:3   | Received a gift from Okawaru
 15961 | Lair:4   | Found a staircase to the Shoals.
 16683 | Lair:5   | Received a gift from Okawaru
 17403 | Lair:6   | Entered Level 6 of the Lair of Beasts
 17677 | Lair:6   | Found a staircase to the Slime Pits.
 17688 | Lair:6   | Reached ****** piety under Okawaru
 17703 | Lair:6   | Got a dazzling scimitar
 17781 | Lair:6   | Identified the +6 scimitar "Vupei" {drain, rPois rN+ Str-4}
                  | (You found it on level 6 of the Lair of Beasts)
 17816 | Lair:6   | Gained mutation: Your large and strong wings let you fly
                  | indefinitely. [Gargoyle growth]
 17816 | Lair:6   | Reached XP level 14. HP: 56/87 MP: 17/19
 18290 | Lair:6   | Noticed a dire elephant
 18290 | Lair:6   | Noticed a dire elephant
 18311 | Lair:6   | Killed a dire elephant
 18312 | Lair:6   | Reached skill level 10 in Fighting
 18334 | Lair:6   | Killed a dire elephant
 18425 | Lair:6   | Noticed a dire elephant
 18432 | Lair:6   | Noticed a dire elephant
 18435 | Lair:6   | Noticed a dire elephant
 18443 | Lair:6   | Killed a dire elephant
 18462 | Lair:6   | Killed a dire elephant
 18467 | Lair:6   | Killed a dire elephant
 18589 | Lair:6   | Noticed a dire elephant
 18602 | Lair:6   | Killed a dire elephant
 18647 | Lair:6   | Received a gift from Okawaru
 18951 | Orc:1    | Entered Level 1 of the Orcish Mines
 18951 | Orc:1    | Found Etuacist's Jewellery Emporium.
 19437 | Orc:2    | Entered Level 2 of the Orcish Mines
 19447 | Orc:2    | Paralysed by an orc sorcerer for 5 turns
 19453 | Orc:2    | Slain by a sun demon

Illustrated notes

Levels and vault maps discovered:
D:1:      wander_arrival_lonely_grave, layout_basic, minmay_tetromino_o4
D:2:      layout_loops_ring, gammafunk_temple_overflow_elements,
          lemuel_coloured_pillars_altar, minmay_misc_feat_pillars
D:3:      layout_rooms, lemuel_doored_altar, minivault_25, uniq_robin
D:4:      layout_loops_cross, general_overflow_altar, minmay_temple_entry_grid,
          minmay_misc_feat_doors, minivault_14, uniq_pikel
D:5:      layout_cave_pods, grunt_decor_clamped
D:6:      cheibrodos_steamvent, layout_rooms, serial_shops, shop
D:7:      layout_rooms, grunt_temple_overflow_order_and_chaos_2,
          amethyst_overflow_temple_binary, serial_shops, nicolae_shop_waterfront
D:8:      layout_loops_ring, lemuel_mausoleum_altar_kikubaaqudgha,
          yredelemnul_altar_generic, uniq_joseph, uniq_psyche
D:9:      layout_irregular_city, ashenzari_conservatory_becter, orc_0_dummy,
          serial_shops, shop, hellmonk_ghost_happy_afterlife,
          kb_lookout_dungeons_type, uniq_grum, uniq_harold
D:10:     layout_loops_ring, erik_lair_orcish_takeover,
          gammafunk_ghost_stat_death, basic_altar, uniq_fannar
D:11:     layout_loops_ring, kennysheep_boxes
D:12:     cross_vault, layout_grid_maze, serial_shops, shop, uniq_urug
Temple:   eino_wide_crystal_templ
Lair:1:   layout_layer_cave, infiniplex_staircase_pool
Lair:2:   layout_gridlike, guppyfry_snake_entry_garden, fungi_pond_lemuel
Lair:3:   layout_cave_pods
Lair:4:   layout_cave_pods, minmay_shoals_entry_lonely_mermaid,
          minmay_lair_oklob_items, chequers_serial_rivers_micro_b,
          lemuel_old_faithful, lemuel_fruit_fields
Lair:5:   layout_regular_city, serial_bayou_shore_a
Lair:6:   due_jungle_book, layout_misc_corridors,
          nicolae_slime_entry_slimehenge, grunt_forest_small_clearings
Orc:1:    layout_caves, gammafunk_ghost_necromancy, serial_shops, shop,
          roderic_batcave
Orc:2:    st_orc_pillars, layout_caves, nicolae_volcano_entry_two_sided,
          special_room

Skill      XL: |  1  2  3  4  5  6  7  8  9 10 11 12 13 14 |
---------------+-------------------------------------------+-----
Long Blades    | 2 4 5 6 8 9 10 11 | 11.4
Armour         | 4 5 6 7 8 9 10 11 12 13 | 13.4
Shields        | 4 5 6 7 8 10 12 13 | 13.4
Fighting       | 4 5 6 7 8 9 10 | 10.2
Evocations     | 1 3 4 5 6 |  6.8
Invocations    | 3 4 5 7 |  7.6

Action                   |  1- 3 |  4- 6 |  7- 9 | 10-12 | 13-15 || total
-------------------------+-------+-------+-------+-------+-------++-------
Melee: Long sword        |   116 |   159 |   419 |       |       ||   694
       Scimitar          |       |       |    58 |  1154 |   658 ||  1870
Invok: Heroism           |       |       |       |    13 |     9 ||    22
       Finesse           |       |       |       |     2 |     3 ||     5
 Abil: Fly               |       |       |       |       |     1 ||     1
Evoke: Condenser vane    |       |       |       |     1 |       ||     1
  Use: Scroll            |     4 |     5 |     5 |    14 |     9 ||    37
       Potion            |       |     1 |     5 |     4 |     1 ||    11
 Stab: Confused          |       |       |       |     1 |       ||     1
Armor: Scale mail        |    45 |   124 |     6 |       |       ||   175
       Chain mail        |       |       |   279 |   161 |       ||   440
       Plate armour      |       |       |       |   394 |   468 ||   862
Dodge: Dodged            |    35 |    73 |   158 |   269 |   162 ||   697
Block: Kite shield       |    53 |   106 |   264 |   648 |   399 ||  1470
       Rpst.: Long sword |     9 |    18 |    37 |       |       ||    64
       Scimitar          |       |       |     3 |    70 |    55 ||   128

Table legend: (Time is in decaauts)
 A = Elapsed time spent in this place.
 B = Non-inter-level travel time spent in this place.
 C = Inter-level travel time spent in this place.
 D = Time resting spent in this place.
 E = Time spent auto-exploring this place.
 F = Levels seen in this place.
 G = Mean time per level.
                   A        B        C        D        E       F      G
               +--------+--------+--------+--------+--------+-----+--------+
         Total |  19441 |  18649 |    792 |    499 |  13370 |  22 |  883.7 |
       Dungeon |  11626 |  11101 |    525 |    356 |   7462 |  12 |  968.8 |
        Temple |     73 |     61 |     12 |      0 |     57 |   1 |   73.0 |
          Lair |   7144 |   6901 |    243 |    143 |   5494 |   6 | 1190.7 |
  Orcish Mines |    487 |    476 |     11 |      0 |    356 |   2 |  243.5 |
         Abyss |    109 |    109 |      0 |      0 |      0 |   1 |  109.0 |
               +--------+--------+--------+--------+--------+-----+--------+

Top non-repeatable levels by time:
  Lair:1: 1724 daAuts
     D:8: 1614 daAuts
    D:11: 1448 daAuts
  Lair:6: 1315 daAuts
  Lair:4: 1288 daAuts
    D:10: 1050 daAuts
     D:5: 1027 daAuts
  Lair:2: 1002 daAuts
     D:9: 996 daAuts
  Lair:3: 992 daAuts
     D:7: 926 daAuts
     D:4: 879 daAuts
     D:3: 824 daAuts
  Lair:5: 820 daAuts
     D:6: 808 daAuts
